 Dungeon Crawl Stone Soup version 0.28.0-43-g3370ac3207 (webtiles) character file.

Game seed: 12270957132926225468

46869 vvl the Fighter (level 14, -5/106 HPs)
             Began as a Yellow Draconian Venom Mage on Mar 10, 2022.
             Was a High Priest of Hepliaklqana.
             Collided with Ivan (17 damage)
             ... caused by a swamp worm
             ... on level 4 of the Lair of Beasts.
             The game lasted 01:09:41 (24992 turns).

vvl the Fighter (Yellow Draconian Venom Mage)      Turns: 24992, Time: 01:09:44

Health: -5/106     AC: 12    Str: 19    XL:     14   Next: 6%
Magic:  26/26      EV: 15    Int: 25    God:    Hepliaklqana [*****.]
Gold:   546        SH:  5    Dex: 12    Spells: 12/29 levels left

rFire   + . .      SeeInvis +   r - +12 mace "Necvej" {vorpal, *Slow rPois Str+7 Stlth+}
rCold   + . .      Faith    .   (no shield)
rNeg    + . .      Spirit   .   (armour unavailable)
rPois   +          Reflect  +   P - -2 hat of the Alchemist {rElec rPois rF+ rC+ rN+ Will+ rMut rCorr}
rElec   +          Harm     .   S - +2 cloak
rCorr   +          Rampage  .   (no gloves)
rMut    +                       I - +2 pair of boots
Will    ++...                   x - amulet of reflection
Stlth   ++++......              k - ring of see invisible
HPRegen 0.27/turn               N - +6 ring of intelligence
MPRegen 0.20/turn

@: no status effects
A: reduced essence, spit acid, AC +8, unfitting armour, acidic bite,
cold-blooded, acid resistance
a: Breathe Acid, Renounce Religion, Recall Ancestor, Ancestor Identity,
Transference, Idealise


You were on level 4 of the Lair of Beasts.
You worshipped Hepliaklqana.
Hepliaklqana was extremely pleased with you.
You visited 3 branches of the dungeon, and saw 18 of its levels.
You also visited: Sewer.

You collected 1112 gold pieces.
You spent 566 gold pieces at shops.

Inventory:

Hand Weapons
 r - the +12 mace "Necvej" (weapon) {vorpal, *Slow rPois Str+7 Stlth+}
   (You took it off an orc on level 4 of the Dungeon)

   It inflicts extra damage upon your enemies.
   Str:       It affects your strength (+7).
   rPois:     It protects you from poison.
   *Slow:     It may slow you when you take damage.
   Stlth:     It makes you more stealthy.
 y - a +3 broad axe of holy wrath
 E - the +6 morningstar "Waylan" {protect, rElec rPois Int-5 Dex+2}
   (You found it on level 12 of the Dungeon)

   It grants its wielder temporary protection when it strikes (+7 to AC).
   Int:       It affects your intelligence (-5).
   Dex:       It affects your dexterity (+2).
   rElec:     It insulates you from electricity.
   rPois:     It protects you from poison.
 H - a +1 dagger of venom
 L - a +5 eveningstar of freezing
Missiles
 e - 4 throwing nets
Armour
 v - an orb of light
 I - a +2 pair of boots (worn)
 P - the -2 hat of the Alchemist (worn) {rElec rPois rF+ rC+ rN+ Will+ rMut rCorr}
   (You bought it in a shop on level 11 of the Dungeon)

   rF:        It protects you from fire.
   rC:        It protects you from cold.
   rElec:     It insulates you from electricity.
   rPois:     It protects you from poison.
   rN:        It protects you from negative energy.
   rCorr:     It protects you from acid and corrosion.
   rMut:      It protects you from mutation.
   Will:      It increases your willpower.
 S - a +2 cloak (worn)
Magical Staves
 D - a staff of poison
 J - a staff of air
Jewellery
 g - a ring of fire
 k - a ring of see invisible (left hand)
 x - an amulet of reflection (around neck)
 N - a +6 ring of intelligence (right hand)
 Q - an amulet of regeneration
Wands
 d - a wand of iceblast (10)
 F - a wand of flame (41)
Scrolls
 c - 4 scrolls of enchant weapon
 f - a scroll of magic mapping
 i - 3 scrolls of vulnerability
 j - 7 scrolls of teleportation
 m - 5 scrolls of immolation
 o - a scroll of blinking
 p - a scroll of holy word
 t - 4 scrolls of fear
 w - 2 scrolls of summoning
 A - a scroll of silence
 B - 3 scrolls of amnesia
 G - a scroll of enchant armour
Potions
 a - 5 potions of haste
 b - 7 potions of brilliance
 h - a potion of flight {unknown}
 n - a potion of heal wounds
 q - 4 potions of lignification {unknown}
 s - 12 potions of curing
 u - 2 potions of invisibility
 z - 2 potions of cancellation {unknown}
 K - 2 potions of attraction {unknown}
 M - a potion of magic {unknown}
 O - 2 potions of mutation {unknown}
 T - 2 potions of degeneration {unknown}


   Skills:
 + Level 9.6 Fighting
 + Level 8.4 Maces & Flails
 + Level 8.2 Dodging
 - Level 6.0 Stealth
 + Level 3.6 Shields
 + Level 8.3 Spellcasting
 + Level 3.5 Conjurations
 - Level 5.0 Necromancy
 + Level 8.9 Transmutations
 + Level 3.4 Fire Magic
 + Level 8.7 Earth Magic
 + Level 9.4 Poison Magic


You had 12 spell levels left.
You knew the following spells:

 Your Spells              Type           Power      Damage    Failure   Level
a - Sting                 Tmut/Pois      100%       1d8       1%          1
b - Olgreb's Toxic Radia  Pois           55%        N/A       1%          4
c - Poisonous Vapours     Pois/Air       68%        N/A       1%          2
d - Ignite Poison         Fire/Tmut/Pois 46%        N/A       1%          3
e - Mephitic Cloud        Conj/Pois/Air  32%        N/A       3%          3
f - Petrify               Tmut/Erth      53%        N/A       1%          4

Your spell library contained the following spells:

 Spells                   Type           Power      Damage    Failure   Level
 Foxfire                  Conj/Fire      100%       2x1d9     1%          1
 Magic Dart               Conj           100%       1d8       1%          1
 Conjure Flame            Conj/Fire      27%        6-21      4%          3
 Blink                    Tloc           20%        N/A       9%          2
 Call Imp                 Summ           10%        N/A       9%          2
 Dazzling Flash           Conj/Hex       38%        N/A       9%          3
 Inner Flame              Hex/Fire       19%        N/A       9%          3
 Ice Form                 Ice/Tmut       32%        N/A       10%         4
 Flame Wave               Conj/Fire      27%        2d7       14%         4
 Sticky Flame             Conj/Fire      27%        2d5       14%         4
 Confusing Touch          Hex            10%        N/A       17%         3
 Tukima's Dance           Hex            10%        N/A       17%         3
 Agony                    Necr           35%        N/A       21%         5
 Statue Form              Tmut/Erth      35%        N/A       24%         6
 Yara's Violent Unravell  Hex/Tmut       16%        3d8       26%         5
 Hailstorm                Conj/Ice       19%        3d6       28%         4
 Fireball                 Conj/Fire      13%        3d7       36%         5
 Passage of Golubria      Tloc           10%        N/A       50%         4
 Metabolic Englaciation   Hex/Ice        5%         N/A       85%         5
 Silence                  Hex/Air        5%         N/A       85%         5
 Starburst                Conj/Fire      13%        6d6       91%         6
 Simulacrum               Ice/Necr       11%        N/A       97%         6
 Enfeeble                 Hex            5%         N/A       100%        7
 Ignition                 Fire           13%        3d6       100%        8
 Chain Lightning          Conj/Air       9%         3d12      100%        9
 Fire Storm               Conj/Fire      13%        8d4       100%        9
 Shatter                  Erth           26%        3d22*     100%        9


Dungeon Overview and Level Annotations

Branches:
Dungeon (12/15)            Temple (1/1) D:4            Lair (5/6) D:9
 Spider (0/4) Lair:3          Orc (0/2) D:12          Sewer (visited)
  Swamp: Lair:2-4    Shoals: Lair:2-4     Slime: Lair:5-6

Altars:
Ashenzari
Cheibriados
Dithmenos
Elyvilon
Fedhas
Gozag
Hepliaklqana
Kikubaaqudgha
Makhleb
Nemelex Xobeh
Okawaru
Qazlal
Ru
Sif Muna
Trog
Uskayaw
Vehumet
Wu Jian
Xom
Yredelemnul
Zin
The Shining One

Shops:
D:11 [


Innate Abilities, Weirdness & Mutations

Your life essence is reduced to manifest your ancestor. (-10% HP)
You can spit globs of acid.
Your golden yellow scales are hard. (AC +8)
You cannot fit into any form of body armour.
You have acidic saliva.
You are cold-blooded and may be slowed by cold attacks.
You are resistant to acid. (rCorr)


Message History

You bite the swamp worm, but do no damage.
The swamp worm is heavily wounded.
Ivan completely misses the swamp worm.
The swamp worm bites you!
* * * LOW HITPOINT WARNING * * *
Unknown command.
You thump the swamp worm!
The swamp worm is severely wounded.
The swamp worm misses you.
Ivan barely misses the swamp worm.
You hit the swamp worm.
The swamp worm is almost dead.
The swamp worm bites you but does no damage.
Ivan hits the swamp worm with a +0 flail!
The swamp worm dies!
There is an open door here.
You start resting.
Ancestor HP restored.
You start resting.
A swamp worm comes into view.
A swamp worm is nearby!
What are your orders? t - Shout!
Orders for allies: a - Attack new target. r - Retreat! s - Stop attacking. g - Guard the area. f - Follow me.
Anything else - Cancel.
Gang up on whom?
Press: ? - help, Dir - move target, f - swamp worm
Aim: a swamp worm Attack!
The swamp worm fires a harpoon shot at you.
The harpoon shot hits Ivan.
Ivan closely misses the swamp worm.
Ivan hits the swamp worm with a +0 flail!
The swamp worm fires a harpoon shot at you.
The harpoon shot misses Ivan.
The harpoon shot hits you!!
* * * LOW HITPOINT WARNING * * *
You are yanked forward by the harpoon shot.
You collide with Ivan!
Ivan is lightly damaged.
You die...

#### ## #..##.# #....##
♣♣♣ ###.....♣#♣.♣♣ ♣
.###.+P...†...†≈♣.♣♣
.....P.P.w+.>..†≈..♣♣
.###....R.##.♣≈≈w$..♣
##.#@####♣♣≈≈≈≈..♣
##..P# ♣≈≈≈≈♣§♣ #.###
♣≈≈≈≈♣ §§ #####..###
♣≈≈≈≈♣ § ##.#..+.#.#
♣≈≈≈♣♣♣
.........[##.♣♣♣♣♣.♣♣♣♣
..............♣ ♣..♣.♣♣
_..........+..# ♣.....#
...........####
###......


You could see the friendly Ivan the knight and a swamp worm (ally target).

Vanquished Creatures
  The ghost of GloriousHammer the Severer, a journeyman MiBe of Trog (Lair:3)
  A great orb of eyes (D:12)
  4 boulder beetles (D:12)
  7 hydras
  A centaur warrior (D:12)
  2 death yaks (Lair:3)
  Urug (D:10)
  2 deep elf pyromancers (D:12)
  2 ugly things (D:12)
  A cyclops (D:11)
  Joseph (D:10)
  4 black mambas
  6 cane toads
  Maggie (D:6)
  2 rime drakes
  6 komodo dragons
  3 trolls
  A slime creature (D:12)
  8 blink frogs
  A jumping spider (Lair:3)
  3 shadows
  30 yaks
  2 wraiths (D:11)
  4 wyverns
  Eustachio (D:4)
  2 basilisks (Lair:5)
  2 redbacks (Lair:3)
  A vampire mosquito (D:12)
  A steam dragon (D:7)
  8 water moccasins
  3 orc warriors
  2 ice beasts (D:7)
  4 black bears
  4 necrophages
  31 wolves
  3 ogres
  3 centaurs
  A phantom (D:5)
  3 kobold brigands
  3 scorpions
  15 bullfrogs
  10 wights (D:7)
  23 killer bees
  2 howler monkeys
  6 centaur zombies
  9 orc priests
  5 hounds
  A centaur skeleton (D:7)
  A gnoll shaman (D:5)
  4 hell rats (Lair:4)
  10 orc wizards
  A killer bee zombie (D:8)
  A hound skeleton (D:3)
  The ghost of BIGUP the Sneak, a weakling TeBr (D:3)
  A howler monkey zombie (D:8)
  9 gnolls
  A howler monkey skeleton (D:6)
  15 adders
  A river rat (D:5)
  A white imp (D:5)
  An adder skeleton (D:3)
  5 worms
  A dart slug (D:5)
  27 orcs
  10 endoplasms
  8 giant cockroaches
  11 goblins
  5 hobgoblins
  10 kobolds
  10 quokkas
  15 ball pythons
  3 bats
  6 frilled lizards
  7 rats
402 creatures vanquished.

Vanquished Creatures (collateral kills)
  A minotaur (Lair:3)
  Josephine (D:11)
  A two-headed ogre (D:10)
  2 ugly things (D:12)
  2 cyclopes
  A cane toad (Lair:4)
  An unseen horror (D:12)
  2 komodo dragons
  A rime drake (Lair:3)
  A yaktaur (D:12)
  A polar bear (Lair:3)
  A troll (D:11)
  A slime creature (D:12)
  3 wraiths
  2 basilisks
  A wyvern (Lair:1)
  12 yaks
  A steam dragon (D:9)
  A hog (Lair:4)
  A vampire mosquito (D:12)
  A swamp worm (Lair:4)
  2 orc warriors
  2 black bears
  4 wolves
  3 bullfrogs
  3 killer bees
  A wight (D:7)
  A bullfrog zombie (D:7)
  An orc wizard (D:7)
  A hell rat (Lair:4)
  A gnoll (D:6)
  3 orcs
  A kobold (D:6)
61 creatures vanquished.

Vanquished Creatures (others)
  4 knights
  5 ancestors
  18 fungi
  42 plants
  2 withered plants (D:8)
71 creatures vanquished.

Grand Total: 534 creatures vanquished

Notes
Turn   | Place    | Note
-------+----------+-------------------------------------------
     0 | D:1      | vvl the Draconian Venom Mage began the quest for the Orb.
     0 | D:1      | Reached XP level 1. HP: 14/14 MP: 3/3
   708 | D:1      | Reached XP level 2. HP: 22/22 MP: 0/5
   861 | D:2      | Found a faded altar of an unknown god.
  1267 | D:2      | Reached XP level 3. HP: 27/27 MP: 6/6
  1434 | D:3      | Reached skill level 1 in Fighting
  1434 | D:3      | Reached skill level 1 in Necromancy
  1845 | D:3      | Reached XP level 4. HP: 28/35 MP: 7/7
  2107 | D:3      | Found a runed translucent door.
  2109 | D:3      | Noticed BIGUP's ghost (weakling TeBr)
  2363 | D:3      | Killed BIGUP's ghost
  2684 | D:4      | Reached skill level 1 in Earth Magic
  2686 | D:4      | Noticed Eustachio
  2688 | D:4      | Noticed a scorpion
  3102 | D:4      | Killed Eustachio
  3103 | D:4      | Reached XP level 5. HP: 19/41 MP: 2/9
  3131 | D:4      | Reached XP level 6. HP: 25/48 MP: 2/10
  4028 | D:4      | Identified the +12 mace "Necvej" {vorpal, *Slow rPois Str+7
                  | Stlth+}
  4192 | D:4      | Found a staircase to the Ecumenical Temple.
  4254 | Temple   | Entered the Ecumenical Temple
  4527 | Temple   | Learned a level 4 spell: Olgreb's Toxic Radiance
  4606 | Temple   | Became a worshipper of Hepliaklqana the Forgotten
  4671 | D:4      | Your scales start taking on a golden yellow colour.
  4671 | D:4      | Reached XP level 7. HP: 50/56 MP: 11/11
  4671 | D:4      | Gained mutation: You are resistant to acid. (rCorr) [Yellow
                  | Draconian growth]
  5044 | D:5      | Entered Level 5 of the Dungeon
  5424 | D:5      | Found a glowing drain.
  5436 | Sewer    | Entered a sewer
  5697 | Sewer    | Reached skill level 1 in Maces & Flails
  6213 | D:5      | Reached XP level 8. HP: 62/63 MP: 13/13
  7360 | D:6      | Reached * piety under Hepliaklqana
  7364 | D:6      | Noticed Maggie
  7380 | D:6      | Killed Maggie
  7381 | D:6      | Reached skill level 5 in Poison Magic
  7381 | D:6      | Reached XP level 9. HP: 17/63 MP: 10/15
  8853 | D:7      | Reached skill level 5 in Fighting
  9559 | D:8      | Reached skill level 5 in Transmutations
  9565 | D:8      | Reached XP level 10. HP: 47/72 MP: 17/17
  9761 | D:8      | Reached skill level 5 in Spellcasting
 10079 | D:8      | Found a basalt altar of Yredelemnul.
 10766 | D:8      | Identified the +5 chain mail of the Lily {rElec Will+}
 10807 | D:9      | Reached ** piety under Hepliaklqana
 10816 | D:9      | Reached skill level 5 in Necromancy
 10821 | D:9      | Reached skill level 5 in Dodging
 11548 | D:9      | Reached skill level 5 in Earth Magic
 11855 | D:9      | Remembered your ancestor Ivan as a knight
 11910 | D:9      | Found a staircase to the Lair.
 11987 | D:9      | Reached skill level 5 in Stealth
 12194 | D:10     | Entered Level 10 of the Dungeon
 12462 | D:10     | Noticed Urug
 12551 | D:10     | Killed Urug
 12552 | D:10     | Reached skill level 5 in Maces & Flails
 12936 | D:10     | Reached XP level 11. HP: 73/81 MP: 14/19
 13316 | D:10     | Noticed a two-headed ogre
 13323 | D:10     | Killed a two-headed ogre
 13639 | D:10     | Noticed Joseph
 13657 | D:10     | Killed Joseph
 14194 | D:11     | Reached *** piety under Hepliaklqana
 14830 | D:11     | Found Tatoal's Armour Shoppe.
 14834 | D:11     | Bought the -2 hat of the Alchemist {rElec rPois rF+ rC+ rN+
                  | Will+ rMut rCorr} for 566 gold pieces
 14834 | D:11     | Found the -2 hat of the Alchemist {rElec rPois rF+ rC+ rN+
                  | Will+ rMut rCorr}
 14972 | D:11     | Noticed Josephine
 14999 | D:11     | Killed Josephine
 15714 | D:12     | Found a staircase to the Orcish Mines.
 15714 | D:12     | Noticed a deep elf pyromancer
 15721 | D:12     | Killed a deep elf pyromancer
 15916 | D:12     | Noticed a deep elf pyromancer
 15922 | D:12     | Killed a deep elf pyromancer
 15922 | D:12     | Noticed a boulder beetle
 15934 | D:12     | Noticed a boulder beetle
 15942 | D:12     | Killed a boulder beetle
 15950 | D:12     | Killed a boulder beetle
 15951 | D:12     | Reached XP level 12. HP: 21/90 MP: 5/22
 16390 | D:12     | Noticed a centaur warrior
 16399 | D:12     | Killed a centaur warrior
 16730 | D:12     | Noticed a boulder beetle
 16747 | D:12     | Killed a boulder beetle
 16951 | D:12     | Noticed a boulder beetle
 16963 | D:12     | Killed a boulder beetle
 17501 | D:12     | Noticed an eight-headed hydra
 17706 | D:12     | Noticed a great orb of eyes
 17715 | D:12     | Paralysed by a great orb of eyes for 4 turns
 17722 | D:12     | Killed a great orb of eyes
 17843 | D:12     | Identified the +6 morningstar "Waylan" {protect, rElec
                  | rPois Int-5 Dex+2}
 18452 | D:12     | Killed an eight-headed hydra
 19007 | Lair:1   | Entered Level 1 of the Lair of Beasts
 19106 | Lair:1   | Reached **** piety under Hepliaklqana
 20169 | Lair:1   | Learned a level 2 spell: Poisonous Vapours
 20173 | Lair:1   | Learned a level 3 spell: Ignite Poison
 20208 | Lair:2   | Learned a level 3 spell: Mephitic Cloud
 20231 | Lair:2   | Learned a level 4 spell: Petrify
 20337 | Lair:2   | Reached XP level 13. HP: 90/97 MP: 7/24
 20510 | Lair:2   | Reached skill level 1 in Shields
 20510 | Lair:2   | Reached skill level 1 in Conjurations
 20510 | Lair:2   | Reached skill level 1 in Fire Magic
 20900 | Lair:2   | Reached ***** piety under Hepliaklqana
 21414 | Lair:3   | Found a gate leading to a gauntlet.
 21495 | Lair:3   | Found a runed translucent gate.
 21496 | Lair:3   | Found a runed translucent gate.
 21496 | Lair:3   | You fall into a shaft and drop 2 floors!
 21991 | Lair:5   | Got Sif Muna's Papyrus of Destructive Orientation
 22541 | Lair:3   | Found a runed translucent gate.
 22548 | Lair:3   | Noticed a minotaur
 22565 | Lair:3   | Noticed GloriousHammer's ghost (journeyman MiBe)
 22980 | Lair:3   | Found a hole to the Spider Nest.
 24028 | Lair:3   | Killed a minotaur
 24039 | Lair:3   | Killed GloriousHammer's ghost
 24814 | Lair:4   | Found an iron altar of Okawaru.
 24830 | Lair:4   | Gained mutation: You have acidic saliva. [Yellow Draconian
                  | growth]
 24830 | Lair:4   | Reached XP level 14. HP: 90/106 MP: 16/26
 24992 | Lair:4   | Collided with Ivan

Illustrated notes

Levels and vault maps discovered:
D:1:      sevenhm_arrival_forest_fort_small_5, layout_loops_ring,
          palyth_stone_intersect
D:2:      layout_rooms, nicolae_ecumenical_pavilion
D:3:      layout_rooms, serial_bayou, serial_bayou_pond_e, serial_bayou_shore_a,
          serial_bayou_pond_e, serial_bayou_pond_d, ebering_ghost_inner_flame
D:4:      layout_loops_corners, minmay_temple_entry_poolview,
          serial_bayou_pond_b, kennysheep_generic_room_6, uniq_eustachio
D:5:      layout_basic, gup_sewer_entry_bubbles, amcnicky_mini_corridor_feature
D:6:      layout_cave_pools, chequers_serial_rivers_marsh,
          minmay_unpleasant_kobolds, uniq_maggie
D:7:      layout_loops_ring
D:8:      layout_basic, yredelemnul_altar_generic, minmay_stone_trees_medium
D:9:      layout_cross, grunt_lair_entry_orc_guard_hut, hangedman_decor_push
D:10:     layout_basic, uniq_joseph, uniq_urug
D:11:     layout_basic, serial_shops, shop, uniq_josephine
D:12:     layout_roguey, david_orc_3, minmay_pinched_square
Temple:   roderic_octagonal_lattice_temple
Lair:1:   layout_hall_layers, chequers_serial_rivers_small_a, st_stairs_10
Lair:2:   layout_regular_city, grunt_forest_large_clearings
Lair:3:   layout_gridlike, spider_nest_entry_funnel_web,
          maelrawn_ghost_gauntlet_escape, gauntlet_entry_generic,
          serial_bayou_pond_c, nzn_random_ring
Lair:4:   layout_roguey, palyth_hydra_swamp_entry, serial_forest,
          infiniplex_forest_zigzag_2, infiniplex_forest_corner_1,
          infiniplex_forest_clump_double, infiniplex_forest_3_way,
          infiniplex_forest_straight_4, infiniplex_forest_clump_tiny,
          basic_altar, pf_torpor_hydra, uniq_kirke
Lair:5:   layout_long_grid, grunt_megastairs_4

Skill      XL: |  1  2  3  4  5  6  7  8  9 10 11 12 13 |
---------------+----------------------------------------+-----
Stealth        | 2 3 4 5 6 |  6.0
Dodging        | 2 3 4 5 6 7 8 |  8.2
Fighting       | 1 2 3 4 5 6 7 8 9 |  9.6
Necromancy     | 1 2 3 4 5 |  5.0
Earth Magic    | 1 2 3 4 5 6 7 8 |  8.7
Transmutations | 2 3 4 5 6 8 |  8.9
Spellcasting   | 3 4 5 6 7 8 |  8.3
Poison Magic   | 4 5 6 7 8 9 |  9.4
Maces & Flails | 1 2 3 5 6 7 8 |  8.4
Shields        | 3 |  3.6
Conjurations   | 3 |  3.5
Fire Magic     | 3 |  3.4

Action                   |  1- 3 |  4- 6 |  7- 9 | 10-12 | 13-15 || total
-------------------------+-------+-------+-------+-------+-------++-------
Melee: Unarmed           |    18 |       |       |       |       ||    18
       Tailslap          |    12 |    13 |    22 |    51 |    44 ||   142
       Dagger            |    49 |     1 |       |       |       ||    50
       Short sword       |       |    71 |       |       |       ||    71
       Punch             |       |     1 |     2 |     4 |     7 ||    14
       Mace              |       |    15 |   281 |   275 |   227 ||   798
       Bite              |       |       |       |       |     1 ||     1
 Cast: Sting             |    22 |    79 |    47 |     9 |    16 ||   173
       Olgreb's Toxic Ra |       |       |     1 |    36 |    17 ||    54
       Ignite Poison     |       |       |       |     2 |    11 ||    13
       Mephitic Cloud    |       |       |       |     2 |     9 ||    11
       Poisonous Vapours |       |       |       |     1 |       ||     1
       Petrify           |       |       |       |       |    13 ||    13
Invok: Ancestor Life: Kn |       |       |       |     1 |       ||     1
       Ancestor Identity |       |       |       |     1 |       ||     1
 Abil: Breathe Acid      |       |       |     2 |     3 |     3 ||     8
Evoke: Wand              |       |       |       |     4 |       ||     4
  Use: Potion            |     3 |       |       |     1 |     2 ||     6
       Scroll            |       |       |     7 |     7 |     4 ||    18
 Stab: Sleeping          |     1 |       |    10 |     9 |     3 ||    23
       Distracted        |       |       |       |     1 |     2 ||     3
       Petrified         |       |       |       |       |    32 ||    32
Armor: Skin              |    34 |    29 |    97 |    83 |    54 ||   297
Dodge: Dodged            |    66 |    78 |   256 |   189 |   168 ||   757
Block: Other             |       |       |    34 |    62 |    54 ||   150
       Reflection        |       |       |       |     3 |       ||     3
